 Dungeon Crawl Stone Soup version 0.23-a0-183-gf37f6fb109 (webtiles) character file.

28 ICC the Shield-Bearer (level 3, -4/19 HPs)
             Began as a Vine Stalker Fighter on Sept 21, 2018.
             Killed from afar by Natasha (7 damage)
             ... with a magic dart
             ... on level 2 of the Dungeon.
             The game lasted 00:01:25 (298 turns).

ICC the Shield-Bearer (Vine Stalker Fighter)         Turns: 298, Time: 00:01:26

Health: -4/19      AC:  6    Str: 18    XL:     3   Next: 14%
Magic:  0/5        EV:  7    Int: 13    God:
Gold:   55         SH:  9    Dex: 14    Spells: 3/3 levels left

rFire    . . .     SeeInvis .   a - +0 rapier
rCold    . . .     Gourm    .   c - +0 shield
rNeg     . . .     Faith    .   b - +0 scale mail
rPois    .         Spirit   +   (no helmet)
rElec    .         Reflect  .   (no cloak)
rCorr    .         Harm     .   (no gloves)
MR       .....                  (no boots)
Stlth    ..........             (no amulet)
HPRegen  0.06/turn              (no ring)
MPRegen  0.09/turn              (no ring)

@: brilliant, flying
A: fangs 2, magic shield, antimagic bite, no potion heal 3, rot immunity
a: no special abilities


You were on level 2 of the Dungeon.
You were not hungry.

You visited 1 branch of the dungeon, and saw 2 of its levels.

You collected 55 gold pieces.

Inventory:

Hand Weapons
 a - a +0 rapier (weapon)
Armour
 b - a +0 scale mail (worn)
 c - a +0 shield (worn)
Scrolls
 e - 2 scrolls of identify {unknown}
Potions
 d - 2 potions of might
Comestibles
 f - a ration


   Skills:
 + Level 2.8 Fighting
 + Level 2.0 Short Blades
 * Level 2.8 Armour
 + Level 0.4 Dodging
 + Level 2.8 Shields
 + Level 0.7 Spellcasting


You had 3 spell levels left.
You didn't know any spells.
Your spell library was empty.

Dungeon Overview and Level Annotations

Branches:
Dungeon (2/15)

Altars:

Annotations:
D:2 Natasha


Innate Abilities, Weirdness & Mutations

You have extremely sharp teeth.
When hurt, damage is shared between your health and your magic reserves.
Your bite disrupts and absorbs the magic of your enemies.
Potions cannot restore your health.
You are immune to rotting.


Message History

Natasha casts a spell at you. The magic dart hits you!
You closely miss Natasha. You bite Natasha, but do no damage.
Natasha is moderately wounded.
Natasha casts a spell at you. The magic dart hits you!
* * * LOW HITPOINT WARNING * * *
You block Natasha's attack.
You hit Natasha. You bite Natasha, but do no damage.
Natasha is heavily wounded.
Natasha claws you but does no damage.
You hit Natasha but do no damage. You bite Natasha, but do no damage.
Natasha is heavily wounded.
Natasha claws you.
* * * LOW HITPOINT WARNING * * *
You closely miss Natasha.
Natasha is heavily wounded.
Natasha stares at you and mumbles some strange words.
The magic dart hits you!
You die...

#..........#
#..........#
#..........#
#..........#
#..........## ..
##........... ....
#..........## .....####
#..........#
......h@####..........#
.....##...............#
... ######..........# .
##........## ##......##
..####.# #.## .. .. ...


You could see Natasha.

Vanquished Creatures
  An adder (D:2)
  2 dart slugs (D:1)
  A leopard gecko (D:2)
  2 giant cockroaches (D:1)
  4 goblins (D:1)
  A hobgoblin (D:1)
  A kobold (D:1)
  A rat (D:1)
13 creatures vanquished.

Notes
Turn   | Place    | Note
-------+----------+-------------------------------------------
     0 | D:1      | ICC the Vine Stalker Fighter began the quest for the Orb.
     0 | D:1      | Reached XP level 1. HP: 11/11 MP: 2/2
    64 | D:1      | Reached XP level 2. HP: 15/16 MP: 3/3
   276 | D:2      | Reached XP level 3. HP: 11/19 MP: 3/5
   290 | D:2      | Noticed Natasha
   298 | D:2      | Killed from afar by Natasha

Vault maps used:
D:1:      ebering_hopf_link
D:2:      dancing_weapons_uskayaw, hex_medium, okawaru_ov_weapons_minmay,
          uniq_natasha, uniq_crazy_yiuf_cottage

Skill      XL: |  1  2 |
---------------+-------+-----
Short Blades   | 2 |  2.0
Fighting       | |  2.8
Armour         | |  2.8
Dodging        | |  0.4
Shields        | |  2.8
Spellcasting   | |  0.7

Action                   || total
-------------------------++-------
Melee: Rapier            ||    38
       Bite              ||    16
  Use: Potion            ||     2
Armor: Scale mail        ||     8
Dodge: Dodged            ||     8
Block: Shield            ||    14

Table legend:
 A = Non-vault XP
 B = Vault XP
 C = Vault XP percentage of total XP
 D = Non-vault monster count
 E = Vault monster count
 F = Vault count percentage of total count
                 A         B        C        D         E       F
            +---------+---------+-------+---------+---------+-------
      Total |      41 |       0 |   0.0 |      13 |       0 |   0.0
            +---------+---------+-------+---------+---------+-------
        D:1 |      24 |       0 |   0.0 |      11 |       0 |   0.0
        D:2 |      17 |       0 |   0.0 |       2 |       0 |   0.0
            +---------+---------+-------+---------+---------+-------
